Map: 大气2000-天梯版

Players

TIME (Oliveira)

  • Race: Terran Terran
  • League: Grandmaster

Solar - Winner!

  • Race: Zerg Zerg
  • League: Master

Event: DreamHack SC2 Masters Last Chance 2022

VOD

Have the link to the VOD?

Description

Time

  • Played on: Dec. 15, 2021, 4:49 a.m.
  • Length: 14:01

All games in this series

Show
View Real Time Build Order
Export as new Build Order

TIME Terran 

Build Orders: Hellion Opening, Reaper Expand 

Get SALT Encoding   

  12  0:00  SCV  
  13  0:12  SCV  
  14  0:17  Supply Depot  
  14  0:24  SCV  
  15  0:38  SCV  
  15  0:41  Barracks  
  16  0:45  Refinery  
  16  0:50  SCV  
  17  1:02  SCV  
  18  1:15  SCV  
  19  1:28  Orbital Command  
  19  1:29  Reaper  
  20  1:40  Command Center  
  20  1:50  Supply Depot  
  20  1:55  SCV  
  21  2:01  Marine  
  21  2:07  SCV  
  23  2:13  Factory  
  23  2:19  SCV  
  24  2:23  Barracks Reactor  
  24  2:31  SCV  
  25  2:42  Command Center  
  25  2:44  SCV  
  26  2:51  Orbital Command  
  26  2:56  SCV  
  27  3:02  Starport  
  27  3:08  SCV  
  27  3:12  Hellion x2  
  32  3:17  SCV  
  33  3:21  SCV, Refinery  
  33  3:23  Barracks Tech Lab  
  34  3:29  SCV  
  34  3:33  SCV  
  36  3:35  Hellion x2  
  36  3:40  Viking  
  42  3:41  SCV  
  42  3:44  Marine  
  42  3:45  SCV  
  45  3:55  Orbital Command  
  45  3:56  SCV  
  45  3:58  Hellion x2  
  45  4:01  SCV  
  51  4:05  Supply Depot  
  51  4:09  Marine  
  52  4:10  SCV  
  52  4:15  Starport Reactor  
  52  4:16  SCV  
  54  4:21  Hellion x2  
  54  4:22  SCV  
  59  4:25  Medivac, Armory  
  59  4:27  Marine  
  62  4:31  SCV  
  62  4:32  Supply Depot  
  62  4:33  SCV  
  62  4:36  SCV  
  65  4:45  Hellion x2  
  69  4:48  Refinery  
  69  4:50  Factory  
  69  4:53  SCV x3, Refinery  
  69  4:56  Starport Reactor  
  69  4:57  Supply Depot  
  69  4:59  Supply Depot  
  72  5:00  Barracks Tech Lab  
  72  5:06  SCV x3  
  75  5:16  Widow Mine  
  75  5:18  Widow Mine  
  75  5:20  Marine  
  78  5:22  SCV x2  
  78  5:24  Stimpack  
  78  5:26  Barracks  
  78  5:27  Barracks  
  80  5:30  SCV  
  77  5:47  Widow Mine, SCV  
  78  5:51  SCV, Orbital Command  
  78  5:52  Drilling Claws  
  78  5:53  Widow Mine x2  
  78  5:58  Medivac x2  
  78  6:03  Marine  
  83  6:04  SCV  
  80  6:13  Widow Mine  
  80  6:14  Widow Mine  
  80  6:16  Barracks Reactor x2  
  80  6:17  SCV x2  
  80  6:18  SCV, Engineering Bay x2  
  83  6:19  Siege Tank  
  86  6:25  Barracks  
  86  6:27  Supply Depot x2  
  86  6:28  Barracks  
  86  6:29  Medivac, SCV  
  86  6:30  SCV  
  90  6:34  Marine  
  90  6:35  Viking  
  90  6:39  Supply Depot x2  
  93  6:41  SCV  
  93  6:42  SCV  
  93  6:46  Widow Mine x2  
  99  6:47  SCV  
  99  6:51  Terran Infantry Weapons Level 1  
  99  6:52  Marine  
  99  6:53  SCV, Refinery  
  102  6:55  Supply Depot, Marine  
  102  6:59  SCV  
  104  7:05  Supply Depot  
  100  7:10  Widow Mine x2  
  102  7:16  Barracks Reactor  
  102  7:17  Barracks Reactor, SCV x3  
  102  7:19  Marine  
  102  7:21  Widow Mine, Combat Shield, Terran Infantry Armor Level 1  
  100  7:29  SCV, Marine  
  102  7:30  Command Center  
  102  7:31  Medivac  
  102  7:34  SCV  
  102  7:36  SCV  
  104  7:37  Widow Mine x2, Refinery  
  104  7:39  Medivac, Marine  
  104  7:41  SCV  
  112  7:47  Marine x2  
  112  7:48  Widow Mine  
  112  7:49  Marine x2  
  114  7:54  Marine x4  
  114  7:55  SCV  
  114  7:56  SCV  
  116  7:59  Supply Depot  
  116  8:01  Widow Mine, Barracks  
  116  8:02  Widow Mine, Barracks  
  116  8:03  Medivac, Barracks  
  116  8:05  Marine  
  119  8:06  Marine x2  
  119  8:07  Sensor Tower, Marine  
  119  8:10  Marine  
  119  8:11  Marine  
  119  8:12  Siege Tank  
  127  8:14  Medivac  
  129  8:20  Marine x2  
  129  8:23  Marine  
  132  8:32  Marine  
  132  8:33  Marine x2  
  135  8:34  Widow Mine x2  
  135  8:36  SCV  
  135  8:37  Marine x2  
  135  8:40  SCV  
  142  8:42  Medivac, Marine  
  142  8:48  Supply Depot  
  145  8:49  SCV x2  
  145  8:50  Supply Depot x2  
  145  8:51  Terran Infantry Weapons Level 2  
  145  8:52  Barracks Tech Lab x3  
  145  8:53  Marine x2  
  149  8:59  Marine x2  
  149  9:00  Marine  
  149  9:01  Marine  
  149  9:02  Siege Tank  
  153  9:03  Widow Mine x2  
  153  9:08  Planetary Fortress  
  153  9:09  Medivac  
  157  9:13  Marine  
  157  9:14  Marine  
  157  9:16  Marauder  
  159  9:18  Marine x2  
  159  9:21  Marine x2  
  80  9:24  Medivac  
  163  9:27  Supply Depot  
  163  9:29  Marauder x2, Supply Depot  
  163  9:31  Widow Mine  
  169  9:32  Widow Mine  
  169  9:34  SCV  
  169  9:35  Concussive Shells  
  169  9:37  SCV  
  173  9:38  Marine x2  
  173  9:41  Marine  
  173  9:43  Marauder, Marine  
  172  10:18  Command Center  
  172  10:19  Refinery, Ghost Academy  
  172  10:21  Marauder, Refinery, Marine x3  
  166  10:22  Marauder, Siege Tank, Marine  
  166  10:23  Widow Mine x2, SCV  
  166  10:26  SCV  
  179  10:35  SCV  
  167  10:39  Marauder x2, Marine x3  
  173  10:45  Command Center  
  173  10:49  Ghost x2  
  163  10:51  Widow Mine x2  
  163  10:52  SCV x2  
  163  10:55  SCV  
  166  10:57  Sensor Tower  
  166  10:59  Siege Tank  
  166  11:00  Ghost x2  
  163  11:04  Viking  
  163  11:05  Viking  
  163  11:09  SCV  
  168  11:15  SCV  
  168  11:17  Terran Infantry Armor Level 2, Terran Infantry Weapons Level 3  
  168  11:18  Ghost  
  169  11:22  Ghost  
  175  11:26  Widow Mine  
  174  11:46  Ghost x2  
  174  11:47  Ghost  
  172  11:50  Marine x2  
  172  11:51  Marine  
  172  11:53  Siege Tank  
  182  11:55  Ghost  
  182  11:58  Orbital Command  
  183  12:02  Missile Turret  
  183  12:09  Missile Turret  
  183  12:10  Refinery x2  
  183  12:12  Command Center  
  183  12:15  Ghost x2  
  187  12:29  Marine x3  
  185  12:33  Liberator  
  185  12:34  Liberator  
  182  12:37  Marine x3  
  182  12:38  Marauder, Marine  
  182  12:39  Siege Tank  
  182  12:44  Marauder  
  182  12:46  Marine  
  182  12:47  Marine x2  
  153  13:00  Marine x2  
  153  13:02  Widow Mine x2  
  152  13:06  Barracks  
  152  13:07  Barracks x3  
  152  13:08  Barracks  
  151  13:18  Marine  
  151  13:19  Marine  
  143  13:20  Siege Tank  
  143  13:24  Marine  
  143  13:25  Marine  
  145  13:33  Widow Mine x2  
  137  13:36  Marine x2  
  114  13:42  Marine x2  
Show
View Real Time Build Order
Export as new Build Order

Solar Zerg - Winner!

Build Orders: Hatch First, Lurkers 

Get SALT Encoding   

  12  0:00  Drone  
  13  0:12  Overlord  
  13  0:17  Drone  
  14  0:31  Drone x2  
  16  0:48  Hatchery  
  15  0:51  Drone  
  15  0:54  Drone  
  17  0:58  Drone  
  18  1:09  Extractor  
  17  1:13  Spawning Pool  
  17  1:16  Drone  
  17  1:19  Drone  
  18  1:27  Drone  
  19  1:38  Drone  
  20  1:50  Drone  
  21  2:00  Queen x2  
  21  2:01  Zergling x4  
  27  2:15  Overlord  
  27  2:20  Drone  
  27  2:22  Hatchery  
  27  2:23  Drone  
  28  2:35  Drone x2  
  28  2:36  Drone  
  31  2:40  Queen  
  33  2:44  Metabolic Boost  
  33  2:49  Overlord  
  33  2:52  Drone  
  33  2:56  Drone  
  33  2:57  Drone  
  36  3:08  Drone x5  
  41  3:15  Queen  
  43  3:20  Pneumatized Carapace  
  43  3:25  Overlord  
  43  3:27  Drone  
  43  3:31  Overlord  
  43  3:34  Queen  
  44  3:36  Drone  
  47  3:41  Drone x3  
  47  3:44  Overlord  
  47  3:46  Drone  
  51  3:48  Zergling x2  
  51  3:51  Drone x2  
  54  3:56  Queen  
  54  3:57  Drone  
  54  3:58  Drone  
  54  4:00  Drone  
  59  4:03  Zergling x2  
  59  4:04  Overlord  
  59  4:07  Zergling x4  
  62  4:11  Queen  
  62  4:15  Overlord  
  64  4:17  Drone x2  
  64  4:18  Drone  
  64  4:21  Drone x2, Extractor  
  68  4:28  Zergling x4  
  68  4:30  Drone  
  68  4:31  Evolution Chamber x2, Overlord  
  70  4:35  Overlord  
  70  4:37  Drone  
  70  4:41  Drone x2  
  72  4:46  Drone  
  72  4:48  Overlord  
  72  4:49  Drone x5  
  72  4:51  Drone  
  79  4:54  Overlord  
  79  4:59  Drone  
  80  5:01  Extractor  
  79  5:08  Zerg Ground Armor Level 1, Zerg Melee Weapons Level 1  
  79  5:09  Drone x2  
  79  5:13  Hatchery  
  81  5:14  Drone x4  
  81  5:16  Overlord  
  84  5:21  Drone  
  84  5:23  Baneling Nest  
  84  5:24  Zergling x8  
  84  5:25  Zergling x2  
  84  5:26  Zergling x2  
  87  5:40  Zergling x8  
  85  5:44  Zergling x8  
  85  5:49  Drone  
  81  5:51  Lair  
  81  5:52  Drone  
  81  5:53  Drone  
  81  5:55  Drone  
  81  5:57  Drone  
  81  6:00  Drone  
  81  6:02  Drone x2  
  81  6:04  Drone  
  81  6:07  Drone x2  
  81  6:09  Drone  
  84  6:16  Drone x2  
  86  6:19  Zergling x2  
  86  6:23  Zergling x2  
  86  6:24  Extractor  
  86  6:25  Extractor  
  86  6:27  Zergling x2  
  86  6:30  Drone  
  88  6:33  Drone x2, Queen  
  88  6:35  Overlord  
  88  6:39  Zergling x2  
  93  6:45  Drone  
  93  6:46  Drone  
  93  6:47  Drone x3, Spore Crawler x2  
  96  6:48  Spore Crawler  
  96  6:49  Overseer, Spore Crawler  
  96  6:51  Zergling x10  
  96  6:53  Centrifugal Hooks  
  99  6:56  Overseer  
  99  6:58  Zergling x6  
  99  7:00  Drone  
  103  7:02  Zergling x2  
  103  7:03  Zergling x2  
  103  7:05  Drone  
  104  7:09  Hydralisk Den  
  93  7:18  Drone x7  
  93  7:19  Drone x3  
  93  7:20  Drone x2  
  93  7:22  Drone  
  102  7:24  Drone x2  
  102  7:27  Drone  
  102  7:29  Spore Crawler  
  104  7:33  Zergling x4  
  106  7:38  Zerg Melee Weapons Level 2, Zerg Ground Armor Level 2  
  106  7:40  Muscular Augments  
  106  7:47  Drone x6  
  106  7:49  Drone x2  
  104  7:54  Zergling x8  
  104  7:57  Zergling x6  
  101  8:00  Drone x3  
  101  8:01  Drone  
  105  8:06  Zergling x2  
  105  8:07  Zergling x2  
  107  8:13  Hydralisk x2, Overlord  
  107  8:15  Overlord  
  107  8:16  Overlord  
  111  8:20  Baneling x5  
  111  8:21  Infestation Pit  
  111  8:24  Overlord  
  111  8:25  Overseer  
  110  8:27  Drone x2, Extractor  
  110  8:28  Drone  
  110  8:33  Overlord  
  112  8:34  Baneling x3  
  112  8:35  Overlord  
  112  8:36  Drone  
  112  8:38  Zergling x18  
  122  8:42  Lurker Den, Overlord  
  122  8:44  Drone  
  122  8:48  Hydralisk x3, Baneling x4  
  119  8:50  Zergling x6  
  119  8:52  Drone  
  129  9:01  Grooved Spines  
  129  9:02  Hive  
  127  9:03  Drone x2  
  127  9:05  Overlord  
  127  9:07  Hydralisk  
  127  9:08  Hydralisk  
  133  9:12  Hydralisk x2  
  133  9:15  Drone  
  137  9:17  Drone  
  137  9:18  Overseer  
  137  9:21  Baneling x4  
  137  9:22  Baneling x2  
  138  9:29  Zergling x20  
  138  9:30  Zergling x4  
  148  9:35  Zergling x4  
  150  9:40  Hatchery  
  150  9:41  Zergling x6  
  150  9:42  Baneling  
  150  9:43  Baneling x2  
  152  9:48  Zergling x8, Overlord  
  152  9:49  Extractor, Overlord x2  
  152  9:50  Lurker  
  152  9:52  Zergling x16  
  163  9:54  Zerg Missile Weapons Level 1  
  161  10:03  Zergling x6  
  161  10:04  Baneling x4  
  161  10:06  Overlord  
  153  10:14  Zergling x8  
  153  10:17  Viper x2  
  153  10:20  Drone x5  
  147  10:23  Drone  
  147  10:24  Hydralisk x4  
  147  10:25  Hydralisk x2  
  154  10:31  Zergling x4  
  150  10:39  Zergling x2  
  150  10:41  Zergling x4  
  141  10:50  Zergling x4  
  141  10:52  Hatchery, Seismic Spines  
  141  10:56  Zergling x2  
  143  11:01  Baneling x2, Lurker x4  
  143  11:02  Drone  
  143  11:03  Drone x2  
  150  11:06  Zergling x10  
  150  11:09  Lurker  
  150  11:10  Overseer  
  156  11:13  Extractor  
  156  11:15  Zergling x14  
  162  11:19  Nydus Network  
  162  11:23  Drone  
  162  11:25  Drone  
  163  11:29  Zergling x2  
  163  11:31  Overlord  
  163  11:40  Zergling x2  
  163  11:41  Zergling x4  
  165  11:49  Adaptive Talons  
  165  11:50  Hatchery, Lurker x3  
  167  11:54  Overlord  
  167  11:55  Drone x3  
  170  12:05  Baneling x6  
  170  12:12  Zergling x10  
  170  12:13  Zergling x2  
  175  12:15  Nydus Canal  
  175  12:18  Zergling x4  
  176  12:25  Zergling x8  
  176  12:26  Overseer x2  
  176  12:29  Lurker x3  
  182  12:31  Zergling x4  
  182  12:33  Zergling x4  
  174  12:41  Zergling x4  
  174  12:42  Zergling x6  
  172  12:47  Zergling x16  
  169  12:53  Zergling x2  
  169  12:54  Zergling x8  
  167  12:58  Nydus Canal  
  167  12:59  Zergling x4  
  167  13:02  Lurker  
  167  13:03  Drone  
  167  13:04  Hydralisk x2  
  175  13:07  Baneling x6  
  175  13:13  Hydralisk  
  175  13:14  Hydralisk  
  175  13:17  Zergling x6  
  177  13:23  Nydus Canal  
  177  13:24  Zergling x6  
  171  13:29  Zergling x4  
  171  13:31  Zergling x4  
  187  13:44  Zergling x2  
  187  13:48  Nydus Canal  

Tags
 
Add a new tag
Caveats
  • Supply blocks, unpowered buildings, or Contaminate may cause inaccurate times.
  • Supply counts are checked every 10 seconds.